 Dungeon Crawl Stone Soup version 0.31-a0-210-gccc998df9b (webtiles) character file.

Game seed: 12993664296292443236

70 qw the Shooter (level 4, -3/26 HPs)
             Began as a Gargoyle Hexslinger on June 30, 2023.
             Slain by a gnoll
             ... wielding a +0 halberd
              (8 damage)
             ... on level 3 of the Dungeon.
             The game lasted 00:00:31 (1479 turns).

qw the Shooter (Gargoyle Hexslinger)                Turns: 1479, Time: 00:00:32

Health: -3/26      AC:  9    Str: 12    XL:     4   Next: 22%
Magic:  5/5        EV: 10    Int: 13    God:
Gold:   216        SH:  0    Dex: 14    Spells: 4/5 levels left

rFire   . . .        Y - +3 sling
rCold   . . .        (no shield)
rNeg    + . .        b - +0 ring mail
rPois   inf          (no helmet)
rElec   +            (no cloak)
rCorr   .            (no gloves)
SInv    .            g - +0 pair of boots
Will    .....        (no amulet)
Stlth   +            (no ring)
HPRegen 0.24/turn    (no ring)
MPRegen 0.09/turn

%: no passive effects
@: no status effects
A: sickness immunity, AC +3, negative energy resistance 1, electricity
resistance, torment resistance 1, petrification resistance
a: no special abilities


You were on level 3 of the Dungeon.
You visited 1 branch of the dungeon, and saw 3 of its levels.

You collected 216 gold pieces.


Innate Abilities, Weirdness & Mutations

You are immune to sickness and miasma.
Your stone body is resilient. (AC +3)
You are immune to poison.
You resist negative energy. (rN+)
You are resistant to electric shocks. (rElec)
You are resistant to unholy torment.
You are immune to petrification.


   Skills:
 - Level 2.0 Fighting
 + Level 3.8 Ranged Weapons
 - Level 1.2 Armour
 - Level 1.5 Dodging
 - Level 1.0 Spellcasting
 - Level 2.6 Hexes


You had 4 spell levels left.
You knew the following spells:

 Your Spells              Type           Power      Damage    Failure   Level
a - Slow                  Hex            28%        N/A       22%         1

Your spell library contained the following spells:

 Spells                   Type           Power      Damage    Failure   Level
 Inner Flame              Hex/Fire       4%         N/A       73%         3
 Portal Projectile        Hex/Tloc       8%         N/A       73%         3
 Cause Fear               Hex            3%         N/A       91%         4

Inventory:

Hand Weapons
 Y - a +3 sling (weapon)
Armour
 b - a +0 ring mail (worn)
 g - a +0 pair of boots (worn)
Scrolls
 c - a scroll of brand weapon {unknown}
Potions
 a - 3 potions of heal wounds {unknown}
 e - a potion of might {unknown}
 f - a potion of enlightenment {unknown}
 i - a potion of curing

Dungeon Overview and Level Annotations

Branches:
Dungeon (3/15)

Altars:
Kikubaaqudgha

Annotations:
D:3 2 transporters, qw's ghost, weakling GrFi


Message History

The sling bullet closely misses the gnoll.
The sling bullet hits the gnoll.
The gnoll is severely wounded.
The gnoll hits you from afar with a +0 halberd.
The gnoll hits you but does no damage. x2
You shoot a sling bullet.
The sling bullet closely misses the gnoll.
The sling bullet hits the gnoll.
You kill the gnoll!
Your Armour skill increases to level 1!
You have reached level 4!
You feel stronger.
You shoot a sling bullet. The sling bullet hits the gnoll.
The gnoll is moderately wounded.
You shoot a sling bullet. The sling bullet hits the gnoll!
The gnoll is almost dead.
The gnoll hits you but does no damage. The gnoll misses you.
The gnoll barely misses you.
You shoot a sling bullet. The sling bullet hits the gnoll.
You kill the gnoll!
The gnoll hits you but does no damage.
You shoot a sling bullet. The sling bullet hits the gnoll.
The gnoll is moderately wounded.
The gnoll hits you but does no damage. The gnoll closely misses you.
You shoot a sling bullet. The sling bullet hits the gnoll.
The gnoll is severely wounded.
The gnoll hits you but does no damage. The gnoll hits you with a +0 club.
The gnoll barely misses you. The gnoll hits you with a +0 club.
You shoot a sling bullet.
The sling bullet closely misses the gnoll.
The gnoll hits you from afar with a +0 halberd.
The gnoll closely misses you.
You shoot a sling bullet. The sling bullet hits the gnoll.
The gnoll is almost dead.
The gnoll hits you from afar with a +0 halberd.
The gnoll hits you with a +0 club.
You shoot a sling bullet. The sling bullet hits the gnoll.
You kill the gnoll!
The gnoll hits you but does no damage.
The gnoll hits you from afar with a +0 halberd!
You die...

#..#.........#.........#...
#..#.###.###.#.)...........
#..#.###.###.#.............
#..#.##...##.#.............
####......._..........<.......
#.....#.##...##.#.....).......
#.....#.###.###.#.............
#.....#.###.###.#.............
#.....#....))@..#.........)...
#.....#####g#####.............
#............................)
#..........................<..
#.............g...............
#...~~~~~~~~~~~...~~~~~~~~~~~.
#...~~~~~~~~~~~...~~~~~~~~~~~.
#.#.~~#####...........#####~~.
#.#.~~#...#.###.^.# .#.).#~~.


You could see a gnoll.

Vanquished Creatures
  3 gnolls (D:3)
  An adder (D:2)
  2 dart slugs (D:2)
  4 bats
  6 endoplasms
  4 giant cockroaches
  6 goblins
  A hobgoblin (D:1)
  A quokka (D:2)
  2 frilled lizards (D:2)
  4 kobolds
  3 rats
37 creatures vanquished.

Notes
Turn   | Place    | Note
-------+----------+-------------------------------------------
     0 | D:1      | qw the Gargoyle Hexslinger began the quest for the Orb.
     0 | D:1      | Reached XP level 1. HP: 12/12 MP: 2/2
     0 | D:1      | 0 ||| qw: Version: 0.3-a-26-gee661ec
     0 | D:1      | 0 ||| qw: Game counter: 7179
     0 | D:1      | 0 ||| qw: Melee chars always use a shield: true
     0 | D:1      | 0 ||| qw: God list: Okawaru
     0 | D:1      | 0 ||| qw: Allow faded altars: false
     0 | D:1      | 0 ||| qw: Do Orc after clearing Dungeon:15 true
     0 | D:1      | 0 ||| qw: Do second Lair branch before Depths: true
     0 | D:1      | 0 ||| qw: Lair rune preference: random
     0 | D:1      | 0 ||| qw: Goals: Normal
     0 | D:1      | 0 ||| PLANNING D:1-11
   212 | D:1      | Reached XP level 2. HP: 16/16 MP: 3/3
   616 | D:1      | Reached skill level 3 in Ranged Weapons
   720 | D:1      | 720 ||| UPGRADING to +0 pair of boots.
   725 | D:1      | 725 ||| READING scroll labelled GYCONIN ACOVI.
   726 | D:1      | 726 ||| READING scroll labelled ARESIE LIRIX.
   727 | D:1      | 727 ||| READING 2 scrolls labelled BIOC GEOLEO.
   728 | D:1      | 728 ||| READING scroll labelled CUDECH LIYSTA.
   729 | D:1      | 729 ||| DRINKING 2 fizzy blue potions.
   730 | D:1      | 730 ||| DROPPING scroll of poison.
   731 | D:1      | 731 ||| DROPPING scroll of amnesia.
   997 | D:2      | Reached XP level 3. HP: 21/21 MP: 4/4
  1204 | D:2      | 1204 ||| READING scroll of enchant weapon.
  1204 | D:2      | 1204 ||| ENCHANTING +2 sling.
  1264 | D:2      | 1264 ||| UPGRADING to +0 ring mail.
  1274 | D:2      | 1274 ||| DROPPING +0 robe.
  1275 | D:2      | 1275 ||| READING 2 scrolls labelled ZAWAN YSKY.
  1276 | D:2      | 1276 ||| READING scroll labelled ZAXZOI CINEASU.
  1290 | D:2      | 1290 ||| DROPPING scroll of revelation.
  1329 | D:3      | Noticed a gnoll sergeant
  1351 | D:3      | Found a transporter.
  1373 | D:3      | Noticed qw's ghost (weakling GrFi)
  1426 | D:3      | Found an ancient bone altar of Kikubaaqudgha.
  1458 | D:3      | Found a transporter.
  1460 | D:3      | 1460 ||| Stepping ~*~*~tactically~*~*~ (outnumbered).
  1462 | D:3      | 1462 ||| Stepping ~*~*~tactically~*~*~ (outnumbered).
  1464 | D:3      | 1464 ||| Stepping ~*~*~tactically~*~*~ (outnumbered).
  1469 | D:3      | 1469 ||| Stepping ~*~*~tactically~*~*~ (outnumbered).
  1472 | D:3      | Reached skill level 1 in Armour
  1472 | D:3      | Reached XP level 4. HP: 16/26 MP: 5/5
  1478 | D:3      | HP: 6/26 [gnoll/+0 halberd (6)]
  1479 | D:3      | Slain by a gnoll

Levels and vault maps discovered:
D:1:      mrwooster_arrival_statue, layout_basic, grunt_decor_fettered,
          kennysheep_another_room
D:2:      layout_rooms, serial_aquarium, aquarium_bridge_long_separate
          [aquarium_subvault_bridge, aquarium_subvault_bridge,
          aquarium_subvault_balcony, aquarium_subvault_window,
          aquarium_subvault_wall, aquarium_subvault_bridge], aquarium_window_1,
          aquarium_window_3, aquarium_window_fake, aquarium_view_2b,
          aquarium_view_2e
D:3:      layout_basic, slow_altar_2, nicolae_overflow_crystal_walls,
          gammafunk_ghost_gnarly_gnolls, minmay_misc_feat_cross,
          grunt_decor_arrowhead

Skill      XL: |  1  2  3 |
---------------+----------+-----
Ranged Weapons | 3 |  3.8
Fighting       | 2 |  2.0
Armour         | 1 |  1.2
Dodging        | |  1.5
Spellcasting   | |  1.0
Hexes          | |  2.6

Action                     |  1- 3 |  4- 6 || total
---------------------------+-------+-------++-------
   Fire: Sling             |    94 |     8 ||   102
    Use: Scroll            |     7 |       ||     7
         Potion            |     1 |       ||     1
 Armour: Robe              |    10 |       ||    10
         Ring mail         |     9 |     5 ||    14
  Dodge: Dodged            |    25 |     5 ||    30

Table legend:
 A = Non-vault XP
 B = Vault XP
 C = Vault XP percentage of total XP
 D = Non-vault monster count
 E = Vault monster count
 F = Vault count percentage of total count
                 A         B        C        D         E       F
            +---------+---------+-------+---------+---------+-------
      Total |     115 |       0 |   0.0 |      37 |       0 |   0.0
            +---------+---------+-------+---------+---------+-------
        D:1 |      19 |       0 |   0.0 |      11 |       0 |   0.0
        D:2 |      49 |       0 |   0.0 |      20 |       0 |   0.0
        D:3 |      47 |       0 |   0.0 |       6 |       0 |   0.0
            +---------+---------+-------+---------+---------+-------
